 Dungeon Crawl Stone Soup version 0.31-a0-876-gfe8ebadbca (webtiles) character file.

Game seed: 14597777851914717865

153638 kae the Jinx (level 17, -15/129 HPs)
             Began as a Demonspawn Enchanter on Oct 13, 2023.
             Was the Champion of Dithmenos.
             Succumbed to a swamp dragon's poison gas
             ... on level 3 of the Swamp.
             The game lasted 00:41:00 (27403 turns).

kae the Jinx (Demonspawn Enchanter)                Turns: 27403, Time: 00:41:00

Health: -15/129    AC: 27    Str: 13    XL:     17   Next: 5%
Magic:  7/48       EV: 18    Int: 17    God:    Dithmenos [******]
Gold:   5076       SH:  4    Dex: 20    Spells: 20/35 levels left

rFire   x . .        a - +9 short sword of Uskayaw, Wizarding {speed, rF- Will++}
rCold   . . .        (no shield)
rNeg    . . .        Y - +6 acid dragon scales of the Wumpus {rCorr MP+9}
rPois   .            J - +2 helmet
rElec   .            (no cloak)
rCorr   +            q - +2 pair of gloves {Stlth+}
SInv    +            O - +2 pair of boots
Will    +++++        G - amulet of guardian spirit Stlth *+++++++++
                     D - +6 ring of dexterity
HPRegen 1.41/turn    y - ring "Degg" {Will++ MP+9 Int-3 Slay+4 SInv}
MPRegen 0.31/turn

%: guardian spirit
@: lethally poisoned (-15 -> -60), wreathed by umbra, studying Shields
A: hooves 2, icemail 1, powered by death 3, condensation shield, weakness
stinger 2, demonic touch 2
a: Renounce Religion, Shadow Step, Shadow Form


You were on level 3 of the Swamp.
You worshipped Dithmenos.
Dithmenos was exalted by your worship.
You visited 5 branches of the dungeon, and saw 27 of its levels.
You also visited: Ossuary and Bailey.

You collected 5716 gold pieces.
You spent 640 gold pieces at shops.


Innate Abilities, Weirdness & Mutations

You have hoof-like feet.
A meltable icy envelope protects you from harm. (AC +4)
You regenerate a lot of health from kills.
A meltable shield of frost defends you. (SH +4)
You have a tail ending in a sharp stinger.
Your touch may inflict irresistible damage on your foes.


   Skills:
 + Level 10.6 Fighting
 * Level 13.4 Short Blades
 + Level 5.6 Armour
 + Level 9.9 Dodging
 * Level 11.5 Stealth
 + Level 9.6 Spellcasting
 - Level 6.0 Conjurations
 * Level 14.8 Hexes
 - Level 2.0 Ice Magic
 + Level 5.4 Earth Magic
 + Level 8.5 Invocations


You had 20 spell levels left.
You knew the following spells:

 Your Spells              Type           Power      Damage    Failure   Level
a - Ensorcelled Hibernat  Hex/Ice        72%        N/A       1%          2
b - Confusing Touch       Hex            55%        N/A       1%          3
c - Tukima's Dance        Hex            55%        N/A       1%          3
d - Dazzling Flash        Conj/Hex       86%        N/A       1%          3
e - Cause Fear            Hex            27%        N/A       1%          4

Your spell library contained the following spells:

 Spells                   Type           Power      Damage    Failure   Level
 Magic Dart               Conj           100%       1d8       1%          1
 Searing Ray              Conj           56%        2d6       1%          2
 Inner Flame              Hex/Fire       33%        N/A       1%          3
 Fulminant Prism          Conj/Hex       21%        3d12      1%          4
 Foxfire                  Conj/Fire      72%        2x1d7     3%          1
 Shock                    Conj/Air       72%        1d7       3%          1
 Passwall                 Tmut/Erth      14%        N/A       6%          2
 Anguish                  Hex/Necr       16%        N/A       6%          4
 Metabolic Englaciation   Hex/Ice        18%        N/A       11%         5
 Brom's Barrelling Bould  Conj/Erth      27%        2d5       12%         4
 Ozocubu's Armour         Ice            14%        N/A       17%         3
 Silence                  Hex/Air        16%        N/A       17%         5
 Yara's Violent Unravell  Hex/Tmut       16%        3d8       17%         5
 Blink                    Tloc           16%        N/A       19%         2
 Cigotuvi's Dreadful Rot  Necr/Pois/Air  16%        N/A       19%         2
 Lesser Beckoning         Tloc           16%        N/A       19%         2
 Enfeeble                 Hex            27%        N/A       24%         7
 Gell's Gravitas          Tloc           8%         N/A       36%         3
 Ignite Poison            Fire/Tmut/Pois 8%         N/A       36%         3
 Swiftness                Air            8%         N/A       36%         3
 Teleport Other           Tloc           8%         N/A       36%         3
 Petrify                  Tmut/Erth      17%        N/A       38%         4
 Fireball                 Conj/Fire      9%         3d6       71%         5
 Irradiate                Conj/Tmut      9%         3d14      71%         5
 Freezing Cloud           Conj/Ice/Air   8%         6-21      75%         5
 Airstrike                Air            4%         2d(1-17)  77%         4
 Manifold Assault         Tloc           8%         N/A       77%         4
 Passage of Golubria      Tloc           8%         N/A       77%         4
 Summon Lightning Spire   Summ/Air       8%         N/A       77%         4
 Vhi's Electric Charge    Tloc/Air       16%        N/A       77%         4
 Summon Forest            Summ/Tloc      4%         N/A       98%         5
 Eringya's Noxious Bog    Tmut/Pois      4%         4d6       100%        6
 Simulacrum               Ice/Necr       5%         N/A       100%        6
 Malign Gateway           Summ/Tloc      4%         N/A       100%        7
 Monstrous Menagerie      Summ           4%         N/A       100%        7
 Ozocubu's Refrigeration  Ice            7%         4d9       100%        7
 Summon Hydra             Summ           4%         N/A       100%        7
 Lehudib's Crystal Spear  Conj/Erth      13%        10d5      100%        8
 Dragon's Call            Summ           4%         N/A       100%        9
 Polar Vortex             Ice            7%         N/A       100%        9

Inventory:

Hand Weapons
 a - the +9 short sword of Uskayaw, Wizarding (weapon) {speed, rF- Will++}
   (You found it on level 1 of the Lair of Beasts)

   rF-:       It makes you vulnerable to fire.
   Will++:    It greatly increases your willpower.
 b - a +4 heavy dagger
   (You took it off a wight on level 9 of the Dungeon)
Armour
 q - a +2 pair of gloves of stealth (worn)
   (You found it on level 5 of the Dungeon)
 J - a +2 helmet (worn)
   (You found it in a bailey)
 O - a +2 pair of boots (worn)
   (You found it on level 2 of the Dungeon)
 T - the +3 hat of Pondering {ponderous, Will+ MP+10 Int+5}
   (You found it on level 5 of the Lair of Beasts)

   Int+5:     It affects your intelligence (+5).
   Will+:     It increases your willpower.
   MP+10:     It affects your magic capacity (+10).
 Y - the +6 acid dragon scales of the Wumpus (worn) {rCorr MP+9}
   (You found it in a bailey)

   MP+9:      It affects your magic capacity (+9).
   rCorr:     It protects you from acid and corrosion.
Jewellery
 f - a ring of protection from fire
   (You found it on level 4 of the Lair of Beasts)
 g - an amulet of reflection
   (You found it on level 4 of the Dungeon)
 i - a +6 ring of intelligence
   (You found it on level 2 of the Swamp)
 y - the ring "Degg" (right hand) {Will++ MP+9 Int-3 Slay+4 SInv}
   (You acquired it on level 8 of the Dungeon)

   [ring of slaying]

   Int-3:     It affects your intelligence (-3).
   Slay+4:    It affects your accuracy & damage with ranged weapons and melee
   (+4).
   Will++:    It greatly increases your willpower.
   MP+9:      It affects your magic capacity (+9).
   SInv:      It lets you see invisible.
 A - an amulet of the acrobat
   (You found it on level 5 of the Dungeon)
 C - a ring of protection from cold
   (You found it on level 7 of the Dungeon)
 D - a +6 ring of dexterity (left hand)
   (You found it on level 9 of the Dungeon)
 F - a ring of fire
   (You found it on level 4 of the Lair of Beasts)
 G - an amulet of guardian spirit (around neck)
   (You found it on level 5 of the Lair of Beasts)
 I - a +6 ring of intelligence
   (You found it on level 13 of the Dungeon)
 L - a ring of flight
   (You found it on level 10 of the Dungeon)
 N - a ring of positive energy
   (You found it on level 11 of the Dungeon)
 S - an amulet of magic regeneration
   (You found it on level 10 of the Dungeon)
 Z - a ring of wizardry
   (You found it on level 1 of the Dungeon)
Wands
 d - a wand of digging (6)
   (You found it on level 3 of the Lair of Beasts)
 m - a wand of flame (30)
   (You found it on level 5 of the Dungeon)
 K - a wand of charming (59)
   (You found it on level 8 of the Dungeon)
 M - a wand of mindburst (21)
   (You found it on level 3 of the Lair of Beasts)
 R - a wand of iceblast (15)
   (You found it on level 10 of the Dungeon)
 V - a wand of acid (11)
   (You found it on level 1 of the Lair of Beasts)
 X - a wand of polymorph (15)
   (You found it on level 12 of the Dungeon)
Scrolls
 c - a scroll of revelation
 e - 11 scrolls of teleportation {@r4}
 r - 2 scrolls of immolation {!r!r}
 t - a scroll of silence {!r}
 u - 2 scrolls of blinking {!r}
 v - 4 scrolls of poison {!r}
 w - a scroll of butterflies
 x - 3 scrolls of fear
 E - 6 scrolls of enchant weapon
 H - 3 scrolls of fog
 Q - a scroll of enchant armour
 U - 4 scrolls of vulnerability {!r!r}
 W - 11 scrolls of identify {@r1}
Potions
 h - 10 potions of heal wounds {@q2}
 j - 6 potions of haste {@q3}
 k - 2 potions of resistance
 l - a potion of magic
 n - 3 potions of enlightenment
 o - 2 potions of cancellation
 p - 11 potions of curing {@q1}
 s - 8 potions of attraction {!q}
 z - 5 potions of mutation {!q}
 B - 3 potions of lignification {!q}
 P - 8 potions of might

Dungeon Overview and Level Annotations

Branches:
Dungeon (15/15) Zot: 25459  Temple (1/1) D:4 Zot: 5963    Lair (5/5) D:10 Zot: 24319
  Swamp (4/4) Lair:3 Zot: 20181  Spider (0/4) Lair:2        Slime (0/5) Lair:5
    Orc (2/2) D:9 Zot: 10682     Elf (0/3) Orc:2        Vaults (0/5) D:14
 Depths (0/4) D:15        Ossuary (visited)          Bailey (visited)

Altars:
Ashenzari
Cheibriados
Dithmenos
Fedhas
Gozag
Hepliaklqana
Kikubaaqudgha
Makhleb
Nemelex Xobeh
Okawaru
Qazlal
Ru
Sif Muna
Trog
Uskayaw
Vehumet
Wu Jian
Xom
Yredelemnul

Shops:
D:7 *   Orc:2 :*:=

Portals:
Trove: D:15 (give 16 potions of curing)

Annotations:
D:2 Terence
D:4 exclusions: black bear and orc priest

♣♣♣♣♣ ♣♣♣♣♣♣♣♣♣♣♣♣
♣.~.♣♣♣.~♣.<..♣...
♣.~...§...........
♣♣~...........♣....
♣~~~.~.~~~~~.......
♣.~~~^.~~~~~~~!...≈
♣~~~~....~~~~~~..~≈
♣†~~~.♣♣.~~~~~~..≈≈
♣♣@~~.♣♣..>~~~..~≈≈
♣.†.§♣♣♣♣♣~..~..≈≈
♣♣..~♣ ♣♣~♣~..~~
♣§..♣♣ ♣♣♣.♣...
♣♣.~.♣ ♣♣~...
♣.~§~♣ ♣♣♣ ♣♣.♣.
♣♣.~.♣♣♣~♣♣♣ ♣♣♣♣
♣♣♣♣..♣...♣♣♣♣♣♣♣
♣~~...~~~~~~.♣~


There were no monsters in sight!


Message History

You regained 5 hp, and now have 54/129 hp.
You climb downwards.
You feel a wave of frost pass over you.
There is an entrance to an ice cave on this level.
Hurry and find it before the portal melts!
There is a stone staircase leading up, spattered with blood here. 😮 HP[+11] MP[+1]
You regained 11 hp, and now have 65/129 hp.
Unknown command.
Unknown command.
You enter the shallow water.
Moving in this stuff is going to be slow.
You see here a swamp drake corpse. 😮 HP[+3]
You regained 3 hp, and now have 68/129 hp.
The bog body points at you and mumbles some strange words.
The bolt of cold hits you.
The swamp dragon breathes poison at you.
The blast of poison misses you.
The bog body gestures at you while chanting.
The bolt of cold misses you.
You hear a roar!
The swamp dragon roars deafeningly!
You hear a deafening roar! 😮 HP[+3] MP[-1]
You regained 3 hp, and now have 71/129 hp.
You lost 1 mp, and now have 6/48 mp.
You hit the swamp dragon but do no damage.
You touch the swamp dragon!
You are engulfed in poison gas.
You are poisoned.
You feel sick.
The swamp dragon breathes poison at you.
The blast of poison engulfs you but does no damage.
You are more poisoned. 😮 HP[-3]
You take 3 damage, and now have 68/129 hp.
You hit the swamp dragon.
You are engulfed in poison gas.
You are more poisoned.
You feel very sick. 😮 HP[-3]
You take 3 damage, and now have 65/129 hp.
You hit the swamp dragon but do no damage.
You are engulfed in poison gas.
You are more poisoned.
* * * LOW HITPOINT WARNING * * *
You feel very sick. 😨 HP[-5]
You take 5 damage, and now have 60/129 hp.
You completely miss the swamp dragon. You tail-slap the swamp dragon!
You are engulfed in poison gas.
You are more poisoned.
* * * LOW HITPOINT WARNING * * *
You feel very sick. 😨 HP[-7]
You take 7 damage, and now have 53/129 hp.
You hit the swamp dragon. You tail-slap the swamp dragon.
You touch the swamp dragon!
Your shadow hits the swamp dragon with a short sword.
You are engulfed in poison gas.
You are lethally poisoned!
* * * LOW HITPOINT WARNING * * *
x2 You feel extremely sick.
The swamp dragon barely misses you.
The swamp dragon misses you. x2 😨 HP[-10]
You take 10 damage, and now have 43/129 hp.
You barely miss the swamp dragon.
You touch the swamp dragon!
* * * LOW HITPOINT WARNING * * *
You feel very sick. 😨 HP[-5]
You take 5 damage, and now have 38/129 hp.
Unknown command.
You hit the swamp dragon but do no damage.
You tail-slap the swamp dragon.
You touch the swamp dragon.
You kill the swamp dragon!
Dithmenos accepts your kill.
You hear a splash.
The swamp dragon scales are intact enough to wear.
* * * LOW HITPOINT WARNING * * *
You feel extremely sick. 😱 HP[-6]
You take 6 damage, and now have 32/129 hp.
Unknown command.
Okay, then.
Unknown command.
Okay, then.
Okay, then.
Blink to where?
Press: ? - help, Dir - move target
As you read the scroll of blinking {!r}, it crumbles to dust.
* * * LOW HITPOINT WARNING * * *
You feel extremely sick.
The swamp dragon breathes poison at you.
The blast of poison misses you.
A bog body comes into view.
You hear a roar! 😱 HP[-14]
You take 14 damage, and now have 18/129 hp.
You are engulfed in poison gas.
You are more poisoned.
* * * LOW HITPOINT WARNING * * *
x2 You feel extremely sick.
You climb upwards.
You die...

Skill      XL: |  1  2  3  4  5  6  7  8  9 10 11 12 13 14 15 16 |
---------------+-------------------------------------------------+-----
Short Blades   | 1 2 3 5 6 7 9 10 11 12 13 | 13.4
Dodging        | 2 3 4 5 6 7 8 9 |  9.9
Stealth        | 3 4 5 6 7 8 9 10 11 | 11.5
Fighting       | 1 2 3 4 5 6 8 9 10 | 10.6
Hexes          | 4 5 6 7 9 10 11 12 13 14 | 14.8
Ice Magic      | 1 2 |  2.0
Spellcasting   | 3 4 5 6 7 8 9 |  9.6
Invocations    | 1 4 5 7 8 |  8.5
Conjurations   | 2 3 5 6 |  6.0
Earth Magic    | 1 3 4 5 |  5.4
Armour         | 1 3 4 5 |  5.6

Action                     |  1- 3 |  4- 6 |  7- 9 | 10-12 | 13-15 | 16-18 || total
---------------------------+-------+-------+-------+-------+-------+-------++-------
  Melee: Dagger            |   112 |   101 |   247 |   476 |    84 |       ||  1020
         Touch             |    12 |    17 |    57 |   102 |   224 |   102 ||   514
         Punch             |     2 |       |     3 |    10 |    18 |     5 ||    38
         Tailslap          |     5 |    11 |    52 |    91 |   218 |    84 ||   461
         Short sword       |       |       |       |       |   913 |   499 ||  1412
   Cast: Ensorcelled Hiber |     8 |    24 |    29 |    53 |    51 |    77 ||   242
         Confusing Touch   |       |     2 |     8 |     5 |     6 |    12 ||    33
         Dazzling Flash    |       |       |       |    26 |    96 |    33 ||   155
 Invoke: Shadow Step       |       |       |       |     1 |     1 |       ||     2
  Evoke: Wand              |       |       |     3 |     1 |       |       ||     4
    Use: Scroll            |     1 |     6 |    11 |    17 |     3 |     6 ||    44
         Potion            |       |       |     1 |     3 |       |     1 ||     5
   Stab: Sleeping          |    14 |    21 |    40 |    56 |    92 |    39 ||   262
         Distracted        |     1 |       |       |     2 |     2 |     8 ||    13
         Confused          |       |     2 |     3 |     2 |     3 |     7 ||    17
         Invisible         |       |       |       |     8 |    89 |    16 ||   113
 Armour: Robe              |    52 |    58 |    39 |       |       |       ||   149
         Steam dragon scal |       |       |    27 |       |       |       ||    27
         Acid dragon scale |       |       |       |   197 |   389 |   338 ||   924
  Dodge: Dodged            |    81 |    60 |   119 |   212 |   697 |   343 ||  1512
  Block: Other             |       |    11 |    71 |   167 |   216 |    64 ||   529
         Reflection        |       |       |     5 |    10 |       |       ||    15

Levels and vault maps discovered:
D:1:      grunt_arrival_crossed_arrows, layout_basic
D:2:      layout_loops_ring, skrybe_limestone_x, uniq_terence
D:3:      layout_rooms, gammafunk_temple_overflow_wave
D:4:      layout_loops_ring, minmay_temple_entry_enclosed_plants
D:5:      layout_basic
D:6:      layout_basic, enter_ossuary_1
D:7:      layout_rooms, mainiacjoe_overflow_small_starburst, serial_shops,
          nicolae_shop_real_fake_doors, minmay_nine_imps
D:8:      layout_basic, enter_bailey_5
D:9:      nzn_winding_woodlands_stair_cross [nzn_winding_woodlands_5x15_eye,
          nzn_winding_woodlands_center_garden,
          nzn_winding_woodlands_5x15_default, nzn_winding_woodlands_5x5_default,
          nzn_winding_woodlands_5x5_open_star,
          nzn_winding_woodlands_5x15_sawtooth,
          nzn_winding_woodlands_center_lodge, nzn_winding_woodlands_5x15_pool],
          layout_long_grid, erik_orc_1
D:10:     nicolae_cairo_tiling_large_dashed, layout_cave_pools,
          grunt_lair_entry_orc_guard_hut
D:11:     layout_basic
D:12:     layout_roguey, uniq_jorgrun
D:13:     layout_roguey
D:14:     layout_loops_cross, skrybe_vaults_entry_preservation, eino_jars
D:15:     grunt_enter_depths_hoard, layout_gridville, nicolae_ru_awakened_eye,
          nicolae_trove_entry_crystal, nicolae_vehumet_altar_sigil, uniq_agnes,
          uniq_roxanne, uniq_kirke
Temple:   hellmonk_temple_of_storms
Lair:1:   layout_cave_pods, st_stairs_11, grunt_megastairs_5, uniq_nergalle,
          uniq_jeremiah, uniq_sonja
Lair:2:   layout_chaotic_city, spider_nest_entry_web_field,
          minmay_lair_oklob_items, serial_bayou_pond_c, grunt_megastairs_3
Lair:3:   layout_loops_ring, nicolae_swamp_entry_splash_gauntlet
Lair:4:   layout_loops_ring, serial_rivers, chequers_serial_rivers_micro_a,
          chequers_serial_rivers_micro_e, chequers_serial_rivers_micro_a,
          chequers_serial_rivers_small_b, eino_small_chamber_without_monster
Lair:5:   hangedman_lair_in_review, layout_regular_city, wormcave,
          dpeg_slime_entry_enclosed
Swamp:1:  layout_falls_marsh, serial_swamp_ruin, evilmike_swamp_ruin_wall,
          evilmike_swamp_ruin_house_5, evilmike_swamp_ruin_rubble_1
Swamp:2:  layout_basic_swamp, ebering_ghost_funeral_grove,
          nicolae_swamp_some_circles, infiniplex_staircase_pool
Swamp:3:  layout_basic_swamp, evilmike_swamp_ruin_house_1,
          nicolae_swamp_catching_bugs, uniq_aizul
Swamp:4:  grunt_swamp_rune_castle, layout_basic_swamp,
          portal_ice_cave_entry_frozen_things, swamp_pool5,
          nicolae_swamp_vermiculated
Orc:1:    layout_caves, basic_altar, uniq_fannar
Orc:2:    st_orc_open, layout_caves, uniq_snorg

Notes
Turn   | Place    | Note
-------+----------+-------------------------------------------
     0 | D:1      | kae the Demonspawn Enchanter began the quest for the Orb.
     0 | D:1      | Reached XP level 1. HP: 13/13 MP: 3/3
     0 | D:1      | magus.rc [v1.11.3]
    82 | D:1      | Reached skill level 1 in Short Blades
   262 | D:1      | You feel monstrous as your demonic heritage exerts itself.
   262 | D:1      | Discovered your monstrous ancestry.
   262 | D:1      | Gained mutation: Your touch may inflict minor irresistible
                  | damage on your foes. [demonic ancestry]
   262 | D:1      | Reached XP level 2. HP: 14/20 MP: 5/5
   265 | D:1      | Learned a level 2 spell: Ensorcelled Hibernation
  1164 | D:2      | Reached skill level 2 in Dodging
  1164 | D:2      | Gained mutation: You have a small tail. [demonic ancestry]
  1164 | D:2      | Reached XP level 3. HP: 21/25 MP: 3/6
  1305 | D:2      | Reached skill level 3 in Stealth
  1416 | D:2      | Noticed Terence
  1966 | D:3      | You pick up a book of Displacement and begin reading...
  1966 | D:3      | You add the spells Lesser Beckoning, Gell's Gravitas and
                  | Teleport Other to your library.
  2026 | D:3      | Reached XP level 4. HP: 11/31 MP: 7/7
  2030 | D:3      | HP: 7/31 [poisoned by an adder]
  2220 | D:3      | Reached skill level 1 in Fighting
  2365 | D:3      | Found a blossoming altar of Fedhas.
  2365 | D:3      | Found a sparkling altar of Nemelex Xobeh.
  2508 | D:4      | Reached skill level 2 in Short Blades
  2635 | D:4      | You pick up a book of Displacement and begin reading...
  2992 | D:4      | Gained mutation: Your touch may inflict irresistible damage
                  | on your foes. [demonic ancestry]
  2992 | D:4      | Reached XP level 5. HP: 37/37 MP: 8/8
  3030 | D:4      | Found a staircase to the Ecumenical Temple.
  3048 | D:4      | Noticed a black bear
  3065 | Temple   | Entered the Ecumenical Temple
  3083 | Temple   | Became a worshipper of Dithmenos the Shadowed
  3412 | D:4      | Killed a black bear
  3413 | D:4      | Reached skill level 4 in Hexes
  3413 | D:4      | Reached skill level 1 in Ice Magic
  3433 | D:4      | Learned a level 3 spell: Confusing Touch
  3437 | D:4      | Learned a level 3 spell: Tukima's Dance
  3587 | D:5      | Entered Level 5 of the Dungeon
  3740 | D:5      | Gained mutation: A meltable shield of frost defends you.
                  | (SH +4) [demonic ancestry]
  3740 | D:5      | Reached XP level 6. HP: 44/44 MP: 9/9
  3909 | D:5      | Reached skill level 2 in Fighting
  3909 | D:5      | Reached skill level 3 in Short Blades
  4111 | D:5      | Noticed an ice beast
  4237 | D:5      | Killed an ice beast
  4238 | D:5      | Gained mutation: A meltable icy envelope protects you from
                  | harm. (AC +4) [demonic ancestry]
  4238 | D:5      | Reached XP level 7. HP: 47/50 MP: 8/11
  4391 | D:5      | Reached * piety under Dithmenos
  4423 | D:5      | Reached skill level 3 in Spellcasting
  4426 | D:5      | Reached skill level 3 in Dodging
  4426 | D:5      | Reached skill level 4 in Stealth
  4437 | D:5      | Reached skill level 5 in Hexes
  4748 | D:6      | Reached skill level 2 in Ice Magic
  4797 | D:6      | Reached XP level 8. HP: 57/57 MP: 4/12
  4799 | D:6      | Found a sand-covered staircase.
  4841 | Ossuary  | Entered an ossuary
  4860 | Ossuary  | Learned a level 3 spell: Dazzling Flash
  4893 | Ossuary  | Reached skill level 4 in Short Blades
  5003 | Ossuary  | Reached skill level 3 in Fighting
  5048 | Ossuary  | Reached ** piety under Dithmenos
  5704 | D:7      | Found an ornate altar of the Wu Jian Council.
  5807 | D:7      | You pick up a book of Air and begin reading...
  5807 | D:7      | You add the spells Shock, Swiftness and Airstrike to your
                  | library.
  5834 | D:7      | Found Wausit's General Store.
  5837 | D:7      | Bought a scroll of blinking for 97 gold pieces
  5837 | D:7      | Bought a potion of attraction for 39 gold pieces
  6024 | D:7      | Reached skill level 6 in Hexes
  6229 | D:7      | Reached skill level 5 in Short Blades
  6229 | D:7      | Reached skill level 4 in Dodging
  6300 | D:8      | Reached skill level 4 in Spellcasting
  6361 | D:8      | Found a flagged portal.
  6419 | D:8      | Reached XP level 9. HP: 65/65 MP: 15/15
  6423 | Bailey   | Entered a bailey
  6464 | Bailey   | Reached *** piety under Dithmenos
  6627 | Bailey   | Reached skill level 4 in Fighting
  6631 | Bailey   | Reached skill level 5 in Stealth
  6725 | Bailey   | Noticed an orc high priest
  6869 | Bailey   | Reached skill level 7 in Hexes
  7042 | Bailey   | Killed an orc high priest
  7043 | Bailey   | Reached skill level 6 in Short Blades
  7110 | Bailey   | Found an iron altar of Okawaru.
  7110 | Bailey   | Noticed an orc sorcerer
  7118 | Bailey   | Killed an orc sorcerer
  7119 | Bailey   | Reached XP level 10. HP: 73/73 MP: 17/17
  7121 | Bailey   | Reached skill level 5 in Fighting
  7121 | Bailey   | Reached skill level 5 in Dodging
  7143 | Bailey   | Identified the +6 acid dragon scales of the Wumpus {rCorr
                  | MP+9}
  7445 | D:8      | You add the spells Cigotuvi's Dreadful Rot, Ignite Poison
                  | and Freezing Cloud to your library.
  7544 | D:8      | Reached **** piety under Dithmenos
  7877 | D:8      | Reached skill level 8 in Hexes
  8065 | D:8      | Acquired the ring "Degg" {Will++ MP+9 Int-3 Slay+4 SInv}
  8069 | D:8      | Acquired 937 gold pieces
  8070 | D:8      | Acquired 801 gold pieces
  8125 | D:9      | Reached skill level 5 in Spellcasting
  8163 | D:9      | Noticed a two-headed ogre
  8173 | D:9      | Killed a two-headed ogre
  8174 | D:9      | Reached skill level 7 in Short Blades
  8174 | D:9      | Reached skill level 6 in Stealth
  8650 | D:9      | Identified the +10 falchion of Trial by Ordeal {heavy,
                  | Str+4 SInv}
  8782 | D:9      | Reached skill level 9 in Hexes
  8811 | D:9      | Gained mutation: You have large cloven feet. [demonic
                  | ancestry]
  8811 | D:9      | Reached XP level 11. HP: 41/81 MP: 19/19
  8958 | D:9      | Noticed a purple ugly thing
  8960 | D:9      | Noticed a brown ugly thing
  8977 | D:9      | Killed a brown ugly thing
  8981 | D:9      | Killed a red ugly thing
  8982 | D:9      | Reached skill level 6 in Fighting
  8988 | D:9      | Reached skill level 8 in Short Blades
  8995 | D:9      | Reached skill level 6 in Dodging
  9222 | D:9      | Reached ***** piety under Dithmenos
  9380 | D:9      | You pick up a book of the Moon and begin reading...
  9380 | D:9      | You add the spells Passage of Golubria, Silence and
                  | Lehudib's Crystal Spear to your library.
  9381 | D:9      | Found a staircase to the Orcish Mines.
  9437 | D:9      | Identified the +0 animal skin "Wig Gane" {+Inv rC+ Str+3}
  9651 | D:9      | Reached skill level 6 in Spellcasting
  9770 | D:9      | Noticed a two-headed ogre
  9778 | D:9      | Killed a two-headed ogre
  9779 | D:9      | Reached skill level 7 in Stealth
  9781 | D:9      | Noticed a six-headed hydra
  9781 | D:9      | Noticed a wizard
  9785 | D:9      | Killed a wizard
  9788 | D:9      | Killed a six-headed hydra
  9789 | D:9      | Reached skill level 10 in Hexes
 10033 | D:9      | Acquired 727 gold pieces
 10094 | D:10     | Entered Level 10 of the Dungeon
 10204 | D:10     | Noticed a two-headed ogre
 10214 | D:10     | Killed a two-headed ogre
 10246 | D:10     | Reached skill level 9 in Short Blades
 10296 | D:10     | Gained mutation: You regenerate a little health from kills.
                  | [demonic ancestry]
 10296 | D:10     | Reached XP level 12. HP: 84/89 MP: 21/21
 10476 | D:10     | Reached skill level 7 in Fighting
 10498 | D:10     | Found a staircase to the Lair.
 10501 | D:10     | You pick up a book of Conjurations and begin reading...
 10501 | D:10     | You add the spells Magic Dart, Searing Ray and Fulminant
                  | Prism to your library.
 11072 | D:11     | You add the spells Summon Forest, Eringya's Noxious Bog and
                  | Summon Hydra to your library.
 11332 | D:11     | Noticed a boulder beetle
 11356 | D:10     | Killed a boulder beetle
 11402 | D:11     | Reached skill level 7 in Dodging
 11761 | D:11     | You fall into a shaft and drop 2 floors!
 11895 | D:13     | Noticed a boulder beetle
 11902 | D:13     | Killed a boulder beetle
 11978 | D:13     | Noticed a catoblepas
 11983 | D:13     | Killed a catoblepas
 11984 | D:13     | Reached skill level 11 in Hexes
 12027 | D:13     | Reached skill level 7 in Spellcasting
 12089 | D:13     | Identified the +5 rapier of Vuom Zob {heavy, rElec rPois
                  | rN+}
 12098 | D:13     | Noticed a centaur warrior
 12103 | D:13     | Killed a centaur warrior
 12112 | D:13     | Reached skill level 8 in Stealth
 12162 | D:13     | Noticed a boulder beetle
 12171 | D:13     | Killed a boulder beetle
 12298 | D:13     | Noticed a boulder beetle
 12301 | D:13     | Killed a boulder beetle
 12302 | D:13     | Reached skill level 10 in Short Blades
 12448 | D:12     | Noticed Jorgrun
 12458 | D:12     | HP: 12/92 [Jorgrun/iron shot (32)]
 12460 | D:12     | HP: 5/92 [Jorgrun/staff of earth (7)]
 12515 | D:12     | Killed Jorgrun
 12778 | D:12     | Noticed a centaur warrior
 12783 | D:12     | Killed a centaur warrior
 12909 | D:12     | Reached skill level 1 in Invocations
 13287 | Lair:1   | Entered Level 1 of the Lair of Beasts
 13345 | Lair:1   | Reached skill level 8 in Fighting
 13345 | Lair:1   | Gained mutation: You regenerate health from kills. [demonic
                  | ancestry]
 13345 | Lair:1   | Reached XP level 13. HP: 66/98 MP: 24/24
 13692 | Lair:1   | Reached skill level 2 in Invocations
 13696 | Lair:1   | Reached ****** piety under Dithmenos
 13700 | Lair:1   | Noticed Jeremiah
 13721 | Lair:1   | Killed Jeremiah
 13900 | Lair:1   | Identified the +9 short sword of Uskayaw, Wizarding {speed,
                  | rF- Will++}
 14317 | Lair:1   | Noticed Nergalle
 14324 | Lair:1   | Killed Nergalle
 14325 | Lair:1   | Reached skill level 12 in Hexes
 14414 | Lair:1   | Noticed Sonja
 14421 | Lair:1   | Killed Sonja
 14422 | Lair:1   | Reached skill level 3 in Invocations
 14795 | Lair:2   | Found a hole to the Spider Nest.
 14813 | Lair:2   | Reached skill level 8 in Dodging
 14947 | Lair:2   | Reached skill level 1 in Conjurations
 15070 | Lair:2   | Reached skill level 1 in Earth Magic
 15071 | Lair:2   | You add the spells Foxfire, Brom's Barrelling Boulder and
                  | Petrify to your library.
 15071 | Lair:2   | Got a grimy book
 15082 | Lair:2   | You add the spells Summon Lightning Spire and Irradiate to
                  | your library.
 15082 | Lair:2   | Got a dusty book
 15513 | Lair:3   | Reached skill level 11 in Short Blades
 15564 | Lair:3   | You pick up a book of Hexes and begin reading...
 15564 | Lair:3   | You add the spells Anguish, Cause Fear and Enfeeble to your
                  | library.
 15739 | Lair:3   | Reached skill level 1 in Armour
 15813 | Lair:3   | Reached skill level 4 in Invocations
 15943 | Lair:3   | Reached skill level 9 in Stealth
 16090 | Lair:3   | Found a staircase to the Swamp.
 16095 | Lair:3   | Reached skill level 8 in Spellcasting
 16095 | Lair:3   | Reached skill level 2 in Conjurations
 16736 | Lair:4   | You pick up a book of Winter and begin reading...
 16736 | Lair:4   | You add the spells Ozocubu's Armour, Metabolic Englaciation
                  | and Simulacrum to your library.
 16761 | Lair:4   | Gained mutation: You have hoof-like feet. [demonic
                  | ancestry]
 16761 | Lair:4   | Reached XP level 14. HP: 106/106 MP: 26/26
 16833 | Lair:4   | You pick up a book of Ice and begin reading...
 16833 | Lair:4   | You add the spells Ozocubu's Refrigeration and Polar Vortex
                  | to your library.
 16846 | Lair:4   | Reached skill level 2 in Earth Magic
 17078 | Lair:5   | Entered Level 5 of the Lair of Beasts
 17171 | Lair:5   | Reached skill level 2 in Armour
 17318 | Lair:5   | Found a runed translucent door.
 17726 | Lair:5   | Reached skill level 9 in Fighting
 17736 | Lair:5   | Reached skill level 5 in Invocations
 17826 | Lair:5   | Reached skill level 3 in Conjurations
 18023 | Lair:5   | Found the +3 hat of Pondering {ponderous, Will+ MP+10
                  | Int+5}
 18035 | Lair:5   | Reached skill level 13 in Hexes
 18035 | Lair:5   | Reached skill level 3 in Earth Magic
 18046 | Lair:5   | HP: 25/108 [manticore (4)]
 18058 | Lair:5   | Reached skill level 3 in Armour
 18751 | Lair:5   | Found a staircase to the Slime Pits.
 19508 | D:14     | Identified the +3 shortbow "Tuomeegg" {drain, MP-9 Str+5}
 19518 | D:14     | You add the spells Vhi's Electric Charge, Malign Gateway
                  | and Monstrous Menagerie to your library.
 19518 | D:14     | Got a foxed book
 19772 | D:14     | Gained mutation: You have a tail ending in a sharp stinger.
                  | [demonic ancestry]
 19772 | D:14     | Reached XP level 15. HP: 113/113 MP: 27/27
 19779 | D:14     | Reached skill level 12 in Short Blades
 19779 | D:14     | Reached skill level 4 in Conjurations
 19791 | D:14     | Found a gate to the Vaults.
 19798 | D:14     | Reached skill level 6 in Invocations
 19846 | D:14     | You add the spells Blink and Manifold Assault to your
                  | library.
 19917 | D:14     | Reached skill level 9 in Dodging
 20255 | D:15     | Entered Level 15 of the Dungeon
 20316 | D:15     | Found a portal to a secret trove of treasure.
 20345 | D:15     | Noticed Agnes
 20347 | D:15     | Killed Agnes
 20348 | D:15     | Found a sacrificial altar of Ru.
 20572 | D:15     | Noticed Roxanne
 20635 | D:15     | Killed Roxanne
 20816 | D:15     | You pick up a book of Ice and begin reading...
 20853 | D:15     | Found a radiant altar of Vehumet.
 20904 | D:15     | Found a staircase to the Depths.
 20920 | D:15     | Reached skill level 4 in Armour
 20999 | D:15     | Reached skill level 4 in Earth Magic
 21085 | D:15     | Noticed Kirke
 21104 | D:15     | Killed Kirke
 21105 | D:15     | Reached skill level 10 in Stealth
 21467 | Orc:1    | Entered Level 1 of the Orcish Mines
 21471 | Orc:1    | Noticed Fannar
 21810 | D:9      | Killed Fannar
 21902 | Orc:1    | Found a bloodstained altar of Trog.
 22079 | Orc:1    | Reached skill level 7 in Invocations
 22247 | Orc:2    | Entered Level 2 of the Orcish Mines
 22253 | Orc:2    | Found a staircase to the Elven Halls.
 22335 | Orc:2    | Noticed Snorg
 22342 | Orc:2    | Killed Snorg
 22631 | Orc:2    | Found Aboduacuasa's Book Shop.
 22632 | Orc:2    | Found Fadi's Assorted Antiques.
 22646 | Orc:2    | Reached skill level 9 in Spellcasting
 22680 | Orc:2    | Reached skill level 5 in Conjurations
 22710 | Orc:2    | Reached skill level 10 in Fighting
 22710 | Orc:2    | Reached skill level 14 in Hexes
 22728 | Orc:2    | Gained mutation: You regenerate a lot of health from kills.
                  | [demonic ancestry]
 22728 | Orc:2    | Reached XP level 16. HP: 122/122 MP: 5/29
 22814 | Orc:2    | Found Matun's Jewellery Shoppe.
 22920 | Orc:2    | Found Ticy's Book Emporium.
 22923 | Orc:2    | Bought a book of the Dragon for 504 gold pieces
 22923 | Orc:2    | You pick up a book of the Dragon and begin reading...
 22923 | Orc:2    | You add the spells Fireball and Dragon's Call to your
                  | library.
 22933 | Orc:2    | Learned a level 4 spell: Cause Fear
 23460 | Swamp:1  | Entered Level 1 of the Swamp
 23652 | Swamp:1  | You pick up a book of Burglary and begin reading...
 23842 | Swamp:1  | Noticed a thorn hunter
 24051 | Swamp:1  | Killed a thorn hunter
 24054 | Swamp:1  | HP: 30/122 [spriggan rider/+0 spear[a spriggan druid] (7)]
 24256 | Swamp:1  | Reached skill level 5 in Armour
 24371 | Swamp:1  | Reached skill level 13 in Short Blades
 24706 | Swamp:2  | Reached skill level 5 in Earth Magic
 24843 | Swamp:2  | Noticed Vudadgh's ghost (adept HuWr)
 24844 | Swamp:2  | Found a runed translucent door.
 24956 | Swamp:2  | Reached skill level 11 in Stealth
 24962 | Swamp:2  | Reached skill level 8 in Invocations
 25153 | Swamp:2  | Identified the +2 spear of the Jester {heavy, Int+3}
 25327 | Swamp:2  | You pick up a book of Misfortune and begin reading...
 25327 | Swamp:2  | You add the spells Inner Flame and Yara's Violent
                  | Unravelling to your library.
 25469 | Swamp:2  | Killed Vudadgh's ghost
 25471 | Swamp:2  | HP: 26/123 [spriggan berserker/+0 broad axe (10)]
 26787 | Swamp:3  | Noticed Aizul
 26794 | Swamp:3  | Reached skill level 6 in Conjurations
 26796 | Swamp:3  | Killed Aizul
 26823 | Swamp:3  | HP: 30/123 [poisoned by a swamp dragon (blast of poison)]
 26829 | Swamp:3  | HP: 28/123 [poisoned by a swamp dragon (blast of poison)]
 27001 | Swamp:3  | Noticed a tentacled monstrosity
 27007 | Swamp:3  | Killed a tentacled monstrosity
 27249 | Swamp:4  | Entered Level 4 of the Swamp
 27262 | Swamp:4  | HP: 27/123 [will-o-the-wisp/foxfire (14)]
 27355 | Swamp:4  | Reached XP level 17. HP: 70/129 MP: 15/30
 27370 | Swamp:4  | HP: 32/129 [bog body/bolt of cold (14)]
 27400 | Swamp:4  | HP: 32/129 [poisoned by a swamp dragon (poison gas)]
 27402 | Swamp:4  | HP: 2/129 [poisoned by a swamp dragon (poison gas)]
 27403 | Swamp:3  | Succumbed to a swamp dragon's poison gas

Vanquished Creatures
  A tentacled monstrosity (Swamp:3)
  Jorgrun (D:12)
  A thorn hunter (Swamp:1)
  Kirke (D:15)
  Agnes (D:15)
  Aizul (Swamp:3)
  Roxanne (D:15)
  The ghost of Vudadgh the Warrior, an adept HuWr of Hepliaklqana (Swamp:2)
  An orc warlord (D:9)
  An ironbound preserver (D:14)
  6 eleionomae
  A dire elephant (Lair:5)
  A spark wasp (Swamp:3)
  2 bunyips
  Snorg (Orc:2)
  3 fire dragons
  A shambling mangrove (Swamp:2)
  Fannar (D:9)
  A spriggan air mage (Swamp:3)
  A ghost crab (Swamp:1)
  16 two-headed ogres
  12 hydras
  3 catoblepae
  12 alligators
  6 centaur warriors
  3 ogre magi
  A death knight (D:14)
  8 boulder beetles
  A tengu warrior (D:14)
  5 death yaks
  2 orc high priests
  Sonja (Lair:1)
  10 spriggans
  A spriggan berserker (Swamp:1)
  Nergalle (Lair:1)
  A skeletal warrior (D:14)
  3 goliath frogs
  2 deep trolls (Orc:2)
  5 swamp dragons
  7 bog bodies
  7 spriggan druids
  A wizard (D:9)
  3 lindwurms (Lair:5)
  7 orc sorcerers
  17 ugly things
  3 deep elf pyromancers
  An oklob plant (Lair:2)
  3 cyclopes
  6 manticores
  2 black mambas
  6 elephants (Lair:1)
  6 torpor snails (Lair:5)
  A gargoyle (D:10)
  14 cane toads
  Jeremiah (Lair:1)
  5 rime drakes
  2 unseen horrors
  A kobold demonologist (D:9)
  7 komodo dragons
  An efreet (D:13)
  A queen bee (shapeshifter) (D:9)
  17 trolls
  A meliai (D:14)
  6 tyrant leeches
  A polar bear (shapeshifter) (D:14)
  3 polar bears
  A bloated husk (Swamp:2)
  19 hornets
  8 dream sheep (Lair:5)
  19 blink frogs
  2 slime creatures
  4 shadows
  4 vampires
  2 wraiths
  A human (shapeshifter) (D:15)
  4 basilisks
  10 wyverns
  42 yaks
  11 vampire mosquitoes
  4 steam dragons
  2 wargs (Orc:2)
  16 swamp worms
  An acid dragon (D:13)
  12 water moccasins
  35 orc warriors
  A sky beast (D:8)
  4 swamp drakes
  An ice beast (D:5)
  3 black bears
  20 ogres
  5 boggarts (D:14)
  12 wolves (Lair:5)
  21 centaurs
  6 kobold brigands
  A phantom (D:5)
  24 bullfrogs
  2 gnoll sergeants
  3 scorpions
  4 wights (D:9)
  7 killer bees
  10 electric eels
  5 howler monkeys
  6 crimson imps (D:7)
  4 jellies
  7 orc priests
  A hound (D:5)
  6 iguanas
  28 orc wizards
  12 mummies (Ossuary)
  13 gnolls
  9 adders
  3 shadow imps (D:7)
  A white imp (D:6)
  3 ufetubi
  A worm (D:2)
  3 dart slugs
  56 orcs
  14 ball pythons
  7 endoplasms
  5 giant cockroaches
  12 goblins
  14 hobgoblins
  8 jackals
  2 quokkas
  5 bats
  2 frilled lizards
  A gnoll skeleton (Ossuary)
  2 goblin skeletons (Ossuary)
  10 kobolds
  4 kobold skeletons (Ossuary)
  An orc skeleton (Ossuary)
  4 rats
  11 rat skeletons (Ossuary)
832 creatures vanquished.

Vanquished Creatures (others)
  A bog body (Swamp:4)
  4 bloated husks
  2 slime creatures (D:14)
  A spriggan (Swamp:1)
  A human (D:15)
  8 foxfires (Swamp:4)
17 creatures vanquished.

Grand Total: 849 creatures vanquished

Table legend:
 A = Non-vault XP
 B = Vault XP
 C = Vault XP percentage of total XP
 D = Non-vault monster count
 E = Vault monster count
 F = Vault count percentage of total count
                 A         B        C        D         E       F
            +---------+---------+-------+---------+---------+-------
      Total |  140227 |   79256 |  36.1 |     555 |     280 |  33.5
            +---------+---------+-------+---------+---------+-------
        D:1 |      39 |       0 |   0.0 |      21 |       0 |   0.0
        D:2 |      49 |       0 |   0.0 |      19 |       0 |   0.0
        D:3 |      57 |       0 |   0.0 |      13 |       0 |   0.0
        D:4 |     177 |       0 |   0.0 |      16 |       0 |   0.0
        D:5 |     829 |       0 |   0.0 |      20 |       0 |   0.0
        D:6 |     350 |       0 |   0.0 |      10 |       0 |   0.0
        D:7 |     551 |     325 |  37.1 |       6 |       9 |  60.0
        D:8 |     726 |       8 |   1.1 |      18 |       4 |  18.2
        D:9 |    5689 |    9949 |  63.6 |      36 |      53 |  59.6
       D:10 |    4878 |     444 |   8.3 |      28 |       4 |  12.5
       D:11 |    2882 |       0 |   0.0 |      16 |       0 |   0.0
       D:12 |    2566 |    1795 |  41.2 |       6 |       1 |  14.3
       D:13 |    6132 |       0 |   0.0 |      12 |       0 |   0.0
       D:14 |   10398 |    6430 |  38.2 |      35 |      16 |  31.4
       D:15 |   12425 |    6072 |  32.8 |      22 |       5 |  18.5
     Lair:1 |    7920 |    3106 |  28.2 |      29 |       8 |  21.6
     Lair:2 |    2240 |    3239 |  59.1 |       8 |      12 |  60.0
     Lair:3 |    7435 |    1060 |  12.5 |      24 |       4 |  14.3
     Lair:4 |    2944 |       0 |   0.0 |      14 |       0 |   0.0
     Lair:5 |   14358 |   15546 |  52.0 |      47 |      36 |  43.4
    Swamp:1 |   19461 |    1493 |   7.1 |      33 |       2 |   5.7
    Swamp:2 |   11159 |    2075 |  15.7 |      24 |       2 |   7.7
    Swamp:3 |   17838 |    6196 |  25.8 |      26 |      12 |  31.6
    Swamp:4 |    1638 |    2370 |  59.1 |       6 |       4 |  40.0
      Orc:1 |    2053 |       0 |   0.0 |      27 |       0 |   0.0
      Orc:2 |    5433 |   15752 |  74.4 |      39 |      38 |  49.4
    Ossuary |       0 |     235 | 100.0 |       0 |      31 | 100.0
     Bailey |       0 |    3161 | 100.0 |       0 |      39 | 100.0
            +---------+---------+-------+---------+---------+-------

Skill      XL: |  1  2  3  4  5  6  7  8  9 10 11 12 13 14 15 16 |
---------------+-------------------------------------------------+-----
Short Blades   | 1 2 3 5 6 7 9 10 11 12 13 | 13.4
Dodging        | 2 3 4 5 6 7 8 9 |  9.9
Stealth        | 3 4 5 6 7 8 9 10 11 | 11.5
Fighting       | 1 2 3 4 5 6 8 9 10 | 10.6
Hexes          | 4 5 6 7 9 10 11 12 13 14 | 14.8
Ice Magic      | 1 2 |  2.0
Spellcasting   | 3 4 5 6 7 8 9 |  9.6
Invocations    | 1 4 5 7 8 |  8.5
Conjurations   | 2 3 5 6 |  6.0
Earth Magic    | 1 3 4 5 |  5.4
Armour         | 1 3 4 5 |  5.6

Action                     |  1- 3 |  4- 6 |  7- 9 | 10-12 | 13-15 | 16-18 || total
---------------------------+-------+-------+-------+-------+-------+-------++-------
  Melee: Dagger            |   112 |   101 |   247 |   476 |    84 |       ||  1020
         Touch             |    12 |    17 |    57 |   102 |   224 |   102 ||   514
         Punch             |     2 |       |     3 |    10 |    18 |     5 ||    38
         Tailslap          |     5 |    11 |    52 |    91 |   218 |    84 ||   461
         Short sword       |       |       |       |       |   913 |   499 ||  1412
   Cast: Ensorcelled Hiber |     8 |    24 |    29 |    53 |    51 |    77 ||   242
         Confusing Touch   |       |     2 |     8 |     5 |     6 |    12 ||    33
         Dazzling Flash    |       |       |       |    26 |    96 |    33 ||   155
 Invoke: Shadow Step       |       |       |       |     1 |     1 |       ||     2
  Evoke: Wand              |       |       |     3 |     1 |       |       ||     4
    Use: Scroll            |     1 |     6 |    11 |    17 |     3 |     6 ||    44
         Potion            |       |       |     1 |     3 |       |     1 ||     5
   Stab: Sleeping          |    14 |    21 |    40 |    56 |    92 |    39 ||   262
         Distracted        |     1 |       |       |     2 |     2 |     8 ||    13
         Confused          |       |     2 |     3 |     2 |     3 |     7 ||    17
         Invisible         |       |       |       |     8 |    89 |    16 ||   113
 Armour: Robe              |    52 |    58 |    39 |       |       |       ||   149
         Steam dragon scal |       |       |    27 |       |       |       ||    27
         Acid dragon scale |       |       |       |   197 |   389 |   338 ||   924
  Dodge: Dodged            |    81 |    60 |   119 |   212 |   697 |   343 ||  1512
  Block: Other             |       |    11 |    71 |   167 |   216 |    64 ||   529
         Reflection        |       |       |     5 |    10 |       |       ||    15

Illustrated notes

Table legend:
 A = Kills in this place as a percentage of kills in the entire game.
 B = Kills by you in this place as a percentage of kills by you in the entire game.
 C = Kills by friends in this place as a percentage of kills by friends in the entire game.
 D = Other kills in this place as a percentage of other kills in the entire game.
 E = Experience gained in this place as a percentage of experience gained in the entire game.
 F = Experience gained in this place divided by the number of levels of this place that you have seen.
                   A       B       C       D       E      F
               +-------+-------+-------+-------+-------+----------------------
         Total | 100.0 | 100.0 |   N/A | 100.0 | 100.0 | 7568.4
       Dungeon |  44.3 |  44.2 |   N/A |  75.0 |  33.2 | 4851.4
          Lair |  21.8 |  21.9 |   N/A |   0.0 |  26.4 | 11569.6
         Swamp |  13.1 |  13.0 |   N/A |  25.0 |  28.4 | 15557.5
  Orcish Mines |  12.5 |  12.5 |   N/A |   0.0 |  10.6 | 11619.0
       Ossuary |   3.7 |   3.7 |   N/A |   0.0 |   0.1 | 235.0
        Bailey |   4.7 |   4.7 |   N/A |   0.0 |   1.4 | 3161.0
               +-------+-------+-------+-------+-------+----------------------

Table legend: (Time is in decaauts)
 A = Elapsed time spent in this place.
 B = Non-inter-level travel time spent in this place.
 C = Inter-level travel time spent in this place.
 D = Time resting spent in this place.
 E = Time spent auto-exploring this place.
 F = Levels seen in this place.
 G = Mean time per level.
                   A        B        C        D        E       F      G
               +--------+--------+--------+--------+--------+-----+--------+
         Total |  26420 |  25028 |   1392 |   1616 |  18543 |  29 |  911.0 |
       Dungeon |  14210 |  13336 |    874 |    622 |  10318 |  15 |  947.3 |
        Temple |     36 |      1 |     35 |      0 |      0 |   1 |   36.0 |
          Lair |   5681 |   5349 |    332 |     76 |   4366 |   5 | 1136.2 |
         Swamp |   3818 |   3714 |    104 |    625 |   2281 |   4 |  954.5 |
  Orcish Mines |   1317 |   1273 |     44 |      0 |   1030 |   2 |  658.5 |
       Ossuary |    376 |    376 |      0 |     13 |    220 |   1 |  376.0 |
        Bailey |    979 |    979 |      0 |    280 |    327 |   1 |  979.0 |
               +--------+--------+--------+--------+--------+-----+--------+

Top non-repeatable levels by time:
     D:9: 2294 daAuts
  Lair:5: 1842 daAuts
 Swamp:1: 1534 daAuts
 Swamp:3: 1359 daAuts
  Lair:1: 1234 daAuts
     D:1: 1122 daAuts
     D:4: 1097 daAuts
     D:5: 1038 daAuts
    D:15: 1028 daAuts
    D:11: 992 daAuts
  Bailey: 979 daAuts
  Lair:3: 959 daAuts
    D:14: 913 daAuts
  Lair:2: 910 daAuts
    D:10: 909 daAuts
